 Dungeon Crawl Stone Soup version 0.25-a0-734-g73332aeda9 (webtiles) character file.

Game seed: 2825291084449221755, levelgen mode: deterministic

1736 Majang the Ruffian (level 8, -10/78 HPs)
             Began as a Troll Fighter on Apr 10, 2020.
             Was an Initiate of Cheibriados.
             Mangled by an ice beast (13 damage)
             ... on level 7 of the Dungeon.
             The game lasted 00:25:22 (6099 turns).

Majang the Ruffian (Troll Fighter)                  Turns: 6099, Time: 00:25:23

Health: -10/78     AC:  3    Str: 26    XL:     8   Next: 76%
Magic:  8/8        EV:  9    Int:  7    God:    Cheibriados [......]
Gold:   46         SH:  9    Dex: 10    Spells: 6/8 levels left

rFire    . . .     SeeInvis .     - Unarmed
rCold    . . .     Gourm    +   b - +0 kite shield
rNeg     . . .     Faith    .   a - +0 robe
rPois    .         Spirit   .   (helmet restricted)
rElec    .         Reflect  .   v - +1 cloak
rCorr    .         Harm     .   (gloves unavailable)
MR       .....                  (boots unavailable)
Stlth    +++.......             (no amulet)
HPRegen  0.63/turn              x - ring of Shadows {Umbra +Inv Stlth+}
MPRegen  0.11/turn              h - -5 ring of protection (curse)

@: mesmerised, hasted, wreathed by umbra, drained, very quick
A: large, unfitting armour, claws 3, fast metabolism 3, gourmand, regeneration
1, shaggy fur 1, tough skin 3
a: Bend Time, Renounce Religion, Evoke Invisibility


You were on level 7 of the Dungeon.
You worshipped Cheibriados.
Cheibriados was noncommittal.
You were not hungry.

You visited 2 branches of the dungeon, and saw 8 of its levels.

You collected 371 gold pieces.
You spent 325 gold pieces at shops.

Inventory:

Hand Weapons
 p - a +1 whip of venom
Missiles
 e - 98 stones
 j - 3 boomerangs (quivered)
 C - 35 arrows
Armour
 a - a +0 robe (worn)
 b - a +0 kite shield (worn)
 i - a +2 tower shield
 v - a +1 cloak (worn)
Jewellery
 h - a cursed -5 ring of protection (right claw)
 x - the ring of Shadows (left claw) {Umbra +Inv Stlth+}
   (You found it on level 4 of the Dungeon)

   [ring of stealth]

   It lets you turn invisible.
   It makes you more stealthy.
 B - an uncursed ring of wizardry {unknown}
Wands
 t - a wand of iceblast (12)
 u - a wand of scattershot (5)
 A - a wand of polymorph (7)
Scrolls
 f - 2 scrolls of enchant weapon
 g - 3 scrolls of identify
 k - 2 scrolls of enchant armour
 l - a scroll of teleportation
 y - 2 scrolls of noise {unknown}
Potions
 c - a potion of haste
 m - 2 potions of brilliance {unknown}
 n - a potion of stabbing {unknown}
 o - a potion of lignification {unknown}
 q - a potion of invisibility {unknown}
 r - 3 potions of curing
 s - 3 potions of degeneration {unknown}
 w - a potion of mutation {unknown}
 z - a potion of heal wounds {unknown}
Comestibles
 d - 17 rations


   Skills:
 + Level 4.1(3.2) Fighting
 + Level 3.4(2.5) Throwing
 + Level 3.1(2.3) Armour
 + Level 4.2(3.3) Dodging
 + Level 4.0(3.2) Shields
 * Level 6.2(5.3) Unarmed Combat
 + Level 0.9(0.1) Spellcasting
 + Level 0.2(0.0) Transmutations
 + Level 1.2(0.4) Invocations


You had 6 spell levels left.
You knew the following spells:

 Your Spells              Type           Power        Failure   Level  Hunger
a - Sticks to Snakes      Tmut           #.......     94%         2    ###....

Your spell library contained the following spells:

 Spells                   Type           Power        Failure   Level  Hunger
 Beastly Appendage        Tmut           #.....       85%         1    ##.....
 Spider Form              Tmut/Pois      #.........   99%         3    ####...
 Ice Form                 Ice/Tmut       #.......     100%        4    #####..
 Blade Hands              Tmut           #.........   100%        5    ######.


Dungeon Overview and Level Annotations

Branches:
Dungeon (7/15)             Temple (1/1) D:5

Altars:
Ashenzari
Cheibriados
Dithmenos
Elyvilon
Fedhas
Gozag
Hepliaklqana
Kikubaaqudgha
Makhleb
Nemelex Xobeh
Okawaru
Qazlal
Ru
Sif Muna
Uskayaw
Vehumet
Wu Jian
Xom
Yredelemnul
Zin
The Shining One

Shops:
D:6 :

Annotations:
D:7 Maggie


Innate Abilities, Weirdness & Mutations

You are too large for most types of armour.
You have claws for hands.
Your metabolism is lightning-fast.
You like to eat raw meat.
Your natural rate of healing is unusually fast.
You are covered in fur. (AC +1)
You have extremely tough skin. (AC +3)


Message History

The ice beast hits you. The ice beast freezes you!
* * * LOW HITPOINT WARNING * * *
It was a potion of curing.
You feel better.
Maggie gestures wildly while chanting.
Maggie attempts to bespell you!
You are mesmerised by Maggie!
The ice beast hits you but does no damage.
It was a potion of haste.
You feel yourself speed up.
Cheibriados forgives your accidental hurry, just this once.
Maggie gestures at you while chanting. The bolt of fire hits you!!
* * * LOW HITPOINT WARNING * * *
You block the ice beast's attack.
You barely miss Maggie.
Maggie is heavily wounded.
Maggie points at you and mumbles some strange words.
The bolt of fire misses you. The ice beast hits you.
* * * LOW HITPOINT WARNING * * *
The ice beast freezes you!
You die...

. .. ..##
... . #.#+#
....#.@.####
......Y@..<#
...$....####
........#
...#...##
.......
#..#...
#..#... ..
###.


You could see Maggie and an ice beast.

Vanquished Creatures
  The ghost of harlaan the Caller, an amateur DESu (D:4)
  Purgy (D:3)
  2 orc warriors
  An ice beast (D:5)
  A phantom (D:4)
  The ghost of karf the Slasher, an amateur DsGl (D:3)
  A centaur (D:6)
  4 scorpions
  A howler monkey (D:4)
  2 electric eels (D:6)
  A crimson imp (D:6)
  5 orc priests
  3 hounds
  4 orc wizards
  5 worker ants
  2 hound skeletons
  Robin (D:4)
  2 worker ant zombies
  2 adders
  A shadow imp (D:5)
  3 oozes
  A worm (D:4)
  6 dart slugs
  5 leopard geckos
  8 orcs
  6 giant cockroaches
  15 goblins
  7 hobgoblins
  3 quokkas
  A ball python (D:1)
  A ball python skeleton (D:4)
  4 bats
  6 frilled lizards
  4 kobolds
  25 rats
136 creatures vanquished.

Notes
Turn   | Place    | Note
-------+----------+-------------------------------------------
     0 | D:1      | Majang the Troll Fighter began the quest for the Orb.
     0 | D:1      | Reached XP level 1. HP: 22/22 MP: 0/0
   165 | D:1      | Reached XP level 2. HP: 27/29 MP: 1/1
   332 | D:1      | Reached XP level 3. HP: 36/36 MP: 2/2
   952 | D:2      | Found a sacrificial altar of Ru.
  1084 | D:2      | Found a glowing silver altar of Zin.
  1197 | D:2      | Reached skill level 3 in Unarmed Combat
  1415 | D:2      | Found a faded altar of an unknown god.
  1434 | D:2      | Reached skill level 1 in Throwing
  1434 | D:2      | Reached XP level 4. HP: 34/44 MP: 3/3
  1612 | D:2      | Reached skill level 1 in Armour
  1622 | D:2      | Found a glowing golden altar of the Shining One.
  1723 | D:3      | Found a shattered altar of Ashenzari.
  1812 | D:3      | Noticed Purgy
  1827 | D:3      | Killed Purgy
  1827 | D:3      | Reached XP level 5. HP: 44/52 MP: 4/4
  2037 | D:3      | Found a runed translucent door.
  2084 | D:3      | Noticed karf's ghost (amateur DsGl)
  2201 | D:3      | Found a shadowy altar of Dithmenos.
  2855 | D:4      | Reached XP level 6. HP: 60/61 MP: 5/5
  2864 | D:4      | Reached skill level 4 in Unarmed Combat
  2890 | D:4      | Found a radiant altar of Vehumet.
  3144 | D:4      | Noticed Robin
  3148 | D:4      | Reached XP level 7. HP: 67/67 MP: 6/6
  3153 | D:4      | Killed Robin
  3236 | D:4      | Found a runed translucent gate.
  3236 | D:4      | Found a runed translucent gate.
  3236 | D:4      | Found a runed translucent gate.
  3245 | D:4      | Noticed harlaan's ghost (amateur DESu)
  3288 | D:4      | Killed harlaan's ghost
  3288 | D:4      | Reached skill level 5 in Unarmed Combat
  3309 | D:4      | Found the ring of Shadows {Umbra +Inv Stlth+}
  3409 | D:4      | Reached XP level 8. HP: 77/78 MP: 7/7
  3773 | D:5      | Entered Level 5 of the Dungeon
  4069 | D:5      | Found a staircase to the Ecumenical Temple.
  4078 | Temple   | Entered the Ecumenical Temple
  4143 | Temple   | Became a worshipper of Cheibriados the Contemplative
  4773 | D:5      | Found a hazy altar of Hepliaklqana.
  4773 | D:5      | Found a shimmering altar of Xom.
  4779 | D:5      | Found a hide-covered altar of Uskayaw.
  4781 | D:5      | Found a shimmering blue altar of Sif Muna.
  4782 | D:5      | Found an ancient bone altar of Kikubaaqudgha.
  4986 | D:6      | Reached skill level 6 in Unarmed Combat
  5420 | D:6      | Reached skill level 1 in Invocations
  5529 | D:6      | Found a snail-covered altar of Cheibriados.
  5546 | D:6      | Found Reutausso's Book Shop.
  5549 | D:6      | Bought a book of Changes for 325 gold pieces
  5552 | D:6      | Learned a level 2 spell: Sticks to Snakes
  5748 | D:3      | Killed karf's ghost
  6090 | D:7      | Noticed Maggie
  6098 | D:7      | HP: 3/78 [Maggie/bolt of fire (20)]
  6099 | D:7      | Mangled by an ice beast

Levels and vault maps discovered:
D:1:      dpeg_arrival_stone_temple_mockup, layout_basic,
          hangedman_abyss_or_decor_lesser_grid
D:2:      layout_basic, nicolae_overflow_crystal_walls, zin_scriptorium,
          tso_oasis_becter, lightli_temple_of_fire,
          chequers_ecumenical_altar_simple
D:3:      layout_basic, overflow_temple_1_default, overflow_temple_1_default,
          ebering_ghost_reflecting_pool, first_ration, uniq_purgy
D:4:      layout_loops_ring, vehumet_crystals, gammafunk_ghost_split,
          minmay_rat_hole, uniq_robin
D:5:      layout_layer_cave, chequers_temple_overflow_minitemple,
          minmay_temple_entry_stoned_glass, minmay_parallelograms,
          minmay_misc_feat_iff
D:6:      layout_rooms, serial_shops, kennysheep_mini_moat, minivault_14,
          cheibriados_altar_1
D:7:      layout_basic, uniq_pikel, uniq_joseph, uniq_maggie
Temple:   zaba_magenta_temple

Skill      XL: |  1  2  3  4  5  6  7  8 |
---------------+-------------------------+-----
Unarmed Combat | 3 4 5 6 |  6.2
Throwing       | 1 2 3 |  3.4
Armour         | 1 2 3 |  3.1
Dodging        | 3 4 |  4.2
Shields        | 3 4 |  4.0
Fighting       | 3 4 |  4.1
Invocations    | 1 |  1.2
Spellcasting   | |  0.9
Transmutations | |  0.2

Action                   |  1- 3 |  4- 6 |  7- 9 || total
-------------------------+-------+-------+-------++-------
Melee: Unarmed           |   109 |   148 |   205 ||   462
Throw: Stone             |     3 |       |       ||     3
       Boomerang         |       |     3 |    33 ||    36
  Use: Potion            |       |     1 |     2 ||     3
       Scroll            |       |     8 |     2 ||    10
 Stab: Sleeping          |       |     1 |     2 ||     3
  Eat: Chunk             |    18 |    17 |    22 ||    57
Armor: Robe              |    26 |    39 |    35 ||   100
Dodge: Dodged            |    31 |    30 |    52 ||   113
Block: Kite shield       |    32 |    51 |    79 ||   162

Table legend:
 A = Non-vault XP
 B = Vault XP
 C = Vault XP percentage of total XP
 D = Non-vault monster count
 E = Vault monster count
 F = Vault count percentage of total count
                 A         B        C        D         E       F
            +---------+---------+-------+---------+---------+-------
      Total |    1766 |     715 |  28.8 |     101 |      35 |  25.7
            +---------+---------+-------+---------+---------+-------
        D:1 |      52 |       0 |   0.0 |      25 |       0 |   0.0
        D:2 |      54 |       0 |   0.0 |      17 |       0 |   0.0
        D:3 |     127 |     249 |  66.2 |      17 |       2 |  10.5
        D:4 |     698 |     466 |  40.0 |      24 |      33 |  57.9
        D:5 |     378 |       0 |   0.0 |       8 |       0 |   0.0
        D:6 |     457 |       0 |   0.0 |      10 |       0 |   0.0
            +---------+---------+-------+---------+---------+-------
